Map: Nephor I

Players

NajebanY - Winner!

  • Race: Terran Terran
  • Spawn Location: 1:00

Gracz - Winner!

  • Race: Terran Terran
  • Spawn Location: 12:00

AshPrime - Winner!

  • Race: Protoss Protoss
  • Spawn Location: 1:00

A.I. 3 (Hard)

  • Race: Zerg Zerg
  • Spawn Location: 7:00

A.I. 4 (Hard)

  • Race: Terran Terran
  • Spawn Location: 6:00

A.I. 5 (Hard)

  • Race: Zerg Zerg
  • Spawn Location: 7:00

VOD

Have the link to the VOD?

Description

Time

  • Played on: March 25, 2016, 10:15 a.m.
  • Length: 19:26
Show
View Real Time Build Order
Export as new Build Order

NajebanY Terran - Winner!

Build Orders: Command Center First (CC), MMM Bio 

Get SALT Encoding   

  12  0:01  SCV  
  13  0:13  SCV  
  14  0:20  Supply Depot  
  14  0:25  SCV  
  15  0:41  SCV  
  16  0:53  SCV  
  17  1:02  Command Center  
  17  1:07  SCV  
  18  1:19  SCV  
  18  1:22  Barracks  
  19  1:30  Refinery  
  19  1:32  SCV  
  20  1:40  Barracks  
  20  1:45  SCV  
  21  1:50  Refinery  
  21  1:57  SCV  
  22  2:04  Supply Depot  
  22  2:09  SCV  
  22  2:12  Barracks Tech Lab  
  23  2:17  Orbital Command  
  23  2:28  Orbital Command  
  23  2:32  Barracks Reactor  
  23  2:46  SCV, Stimpack  
  24  2:58  SCV  
  24  2:59  Barracks  
  24  3:04  Marine  
  26  3:08  Marine x2  
  26  3:11  SCV  
  29  3:18  SCV  
  30  3:22  Marine  
  30  3:23  SCV  
  30  3:26  Marine x2  
  34  3:30  Factory, SCV  
  35  3:39  Marine  
  36  3:41  Supply Depot  
  36  3:45  Marine  
  36  3:46  Marine  
  38  3:51  Marine  
  39  3:58  Marauder  
  41  4:03  Marine  
  41  4:04  Marine  
  44  4:13  Barracks Reactor  
  43  4:18  Starport  
  43  4:19  Factory Reactor, Marauder  
  43  4:21  Marine  
  43  4:22  Marine  
  47  4:29  Supply Depot  
  47  4:39  Marine  
  47  4:40  Marine  
  47  4:41  Marauder  
  51  4:47  Concussive Shells, Barracks  
  51  4:50  Barracks  
  51  4:52  Engineering Bay  
  51  4:53  Engineering Bay  
  51  5:01  Marine, Supply Depot  
  51  5:02  Marine x3, Marauder  
  52  5:18  SCV x2  
  52  5:19  Marine  
  52  5:20  Marine  
  56  5:23  Marauder  
  53  5:30  SCV  
  54  5:37  Marine x4  
  54  5:40  SCV  
  54  5:42  SCV  
  60  5:45  Marauder  
  60  5:47  Barracks Tech Lab  
  60  5:49  Barracks Tech Lab  
  62  5:52  SCV  
  62  5:54  SCV  
  64  6:04  SCV  
  64  6:06  SCV  
  64  6:08  Marine x3  
  64  6:09  Marine  
  70  6:21  Refinery  
  70  6:23  Refinery  
  70  6:26  Supply Depot  
  70  6:30  Supply Depot  
  70  6:47  Combat Shields  
  70  6:48  Medivac x2, SCV x2  
  70  6:50  Terran Infantry Weapons Level 1  
  70  6:51  Terran Infantry Armor Level 1  
  70  6:54  Supply Depot  
  76  7:00  SCV x2  
  76  7:06  Marine x3  
  76  7:07  Marine x4  
  83  7:18  Medivac x2  
  87  7:24  Marine  
  87  7:26  Marine, Marauder  
  87  7:27  Marauder  
  87  7:28  Marine  
  94  7:48  Supply Depot  
  94  7:49  Supply Depot  
  94  8:03  Starport  
  94  8:09  Marine x5  
  94  8:10  Marauder x2  
  107  8:27  Marine x3  
  107  8:29  Armory  
  107  8:31  Medivac x2  
  110  8:44  Hi-Sec Auto Tracking  
  110  8:45  Supply Depot  
  110  9:00  Starport Reactor  
  110  9:01  Factory Reactor  
  110  9:06  Marine x4, Medivac  
  110  9:07  Marauder  
  110  9:09  Supply Depot  
  117  9:29  Marine  
  117  9:30  Marine x4, Marauder x2  
  126  9:34  Supply Depot  
  126  9:36  Supply Depot x2  
  126  9:43  Medivac x2  
  126  9:44  Medivac  
  132  9:47  Marine  
  132  9:48  Marine x4  
  132  9:52  Marauder x2  
  141  10:04  Marine  
  141  10:05  Marine x4  
  146  10:13  Marine x2  
  148  10:21  Command Center  
  148  10:34  Medivac  
  150  10:43  Command Center  
  150  10:58  Barracks  
  150  11:04  Barracks  
  150  11:06  Supply Depot x2  
  150  11:07  Barracks  
  150  11:19  Marine x4  
  150  11:20  Marine  
  155  11:29  Terran Vehicle Weapons Level 1  
  155  11:34  Terran Infantry Weapons Level 2  
  155  11:35  Missile Turret  
  155  11:48  Orbital Command  
  155  12:04  Marine x2  
  155  12:05  Marine x2  
  155  12:06  Marine, Medivac  
  155  12:07  Medivac x2  
  168  12:15  Barracks Reactor x2  
  166  12:36  Marine  
  167  12:37  Marine  
  167  12:38  Marine x5  
  167  12:43  Terran Infantry Armor Level 2  
  173  12:54  Marine  
  173  12:55  Marine x3  
  173  12:56  Marine x3  
  180  13:12  Marine x2  
  181  13:13  Marine x9  
  191  13:30  Marine x2  
  191  13:31  Marine x6  
  191  13:32  Marauder x2  
  184  13:39  Marine  
  149  13:48  Marine x4  
  145  13:49  Marine x4  
  145  13:53  Marauder x2  
  155  13:57  Marine  
  153  14:05  Marine  
  153  14:06  Marine x4  
  158  14:11  Marine  
  158  14:12  Marine x2  
  158  14:14  Marine  
  158  14:15  Marine, Marauder  
  164  14:23  Marine  
  164  14:24  Marine x4  
  164  14:29  Marine  
  164  14:30  Marine x2  
  170  14:32  Marine  
  170  14:33  Marine  
  170  14:35  Medivac x4, Marine  
  180  14:41  Marine x2  
  180  14:42  Marine x2  
  182  15:05  Medivac  
  176  15:26  Marine  
  176  15:27  Marine x10  
  184  15:44  Marine x2  
  184  15:45  Marine x9  
  189  15:58  Medivac  
  189  15:59  Medivac x3  
  189  16:02  Marine x4  
  186  16:12  Marine x6  
  186  16:13  Marine  
  186  16:16  Orbital Command  
  190  16:20  Marine x4  
  193  16:28  Medivac  
  193  16:29  Medivac  
  193  16:30  Marine x4  
  200  16:37  Marine  
  197  16:47  Marine  
  182  18:15  Medivac x4  
  190  18:44  Medivac  
  190  18:45  Medivac x3  
Show
View Real Time Build Order
Export as new Build Order

Gracz Terran - Winner!

Build Orders: Command Center First (CC) 

Get SALT Encoding   

  12  0:01  SCV  
  13  0:14  SCV  
  14  0:25  Supply Depot  
  14  0:26  SCV  
  15  0:28  Refinery  
  15  1:00  SCV  
  16  1:12  Command Center  
  16  1:37  Barracks  
  16  1:39  Barracks  
  16  1:40  SCV  
  17  2:14  Refinery  
  17  2:15  SCV  
  18  2:25  Barracks Reactor  
  18  2:28  Barracks Reactor  
  18  2:32  Barracks  
  18  2:38  Barracks  
  18  2:39  SCV  
  19  2:50  SCV  
  20  2:51  SCV  
  21  3:03  SCV  
  21  3:04  SCV  
  23  3:16  SCV  
  23  3:19  SCV  
  25  3:24  Barracks Reactor  
  25  3:28  Barracks Tech Lab, SCV  
  25  3:31  SCV  
  27  3:37  Supply Depot  
  27  3:40  SCV  
  28  3:43  SCV  
  29  3:52  Combat Shields  
  29  3:55  Orbital Command  
  29  3:56  Orbital Command  
  29  4:05  Reaper x2  
  29  4:06  Reaper x2  
  33  4:10  Engineering Bay  
  33  4:13  Marine  
  34  4:22  SCV x2  
  36  4:34  SCV  
  36  4:35  SCV  
  38  4:39  Engineering Bay  
  38  4:49  Engineering Bay  
  38  4:52  Reaper x3  
  41  4:56  SCV  
  42  5:05  Refinery  
  42  5:06  SCV  
  43  5:08  Refinery, SCV  
  44  5:18  SCV  
  42  5:29  Terran Infantry Weapons Level 1  
  42  5:31  SCV  
  43  5:39  SCV  
  44  5:43  SCV  
  44  5:48  Factory, Command Center  
  45  5:50  Factory  
  45  5:51  SCV  
  46  6:01  SCV  
  47  6:06  Supply Depot  
  47  6:08  Marine  
  47  6:09  Marine x6  
  54  6:14  SCV  
  55  6:26  Marine x4  
  55  6:27  Reaper x3  
  60  6:59  Marauder  
  59  7:09  Refinery  
  59  7:14  Factory  
  59  7:17  Factory  
  59  7:21  Supply Depot, Marauder  
  61  7:27  Terran Infantry Armor Level 1  
  61  7:28  Hi-Sec Auto Tracking  
  61  7:37  Armory  
  61  7:39  Armory  
  61  7:42  Marauder  
  61  7:43  Armory, Factory Tech Lab x2  
  63  7:48  SCV  
  63  7:51  SCV  
  65  8:00  SCV  
  65  8:03  SCV  
  67  8:12  SCV  
  68  8:14  Refinery  
  68  8:15  SCV  
  68  8:18  Marauder  
  68  8:19  Reaper x4  
  77  8:20  Reaper x2  
  77  8:24  SCV  
  78  8:27  SCV  
  79  8:36  SCV  
  79  8:39  Marauder  
  81  8:48  SCV  
  81  8:51  Marine x3, Reaper  
  81  8:52  Reaper x2  
  73  9:09  Marine x3  
  66  9:21  Siege Tank  
  66  9:22  Siege Tank, Marauder  
  66  9:23  Marine x3, Factory Tech Lab x2  
  75  9:27  Marine x3  
  78  9:36  Terran Vehicle And Ship Armor Level 1, Terran Ship Weapons Level 1, Terran Vehicle Weapons Level 1  
  78  9:41  Marine x3, Starport  
  78  9:43  Starport  
  78  9:44  Marauder  
  78  9:45  Marine x3  
  85  9:58  Marine  
  85  9:59  Marine x2  
  85  10:03  Marine x3  
  85  10:05  Marauder  
  84  10:54  Starport Tech Lab, Starport  
  84  10:58  Fusion Core  
  84  11:03  Marine  
  84  11:04  Marine x6  
  85  11:06  Starport  
  85  11:07  Terran Infantry Weapons Level 2, Stimpack  
  85  11:08  Terran Infantry Armor Level 2  
  85  11:09  Building Armor  
  91  11:21  Marine  
  91  11:22  Marine x6  
  91  11:23  Infernal Pre-Igniter  
  91  11:25  Drilling Claws  
  98  11:26  Mag-Field Accelerator  
  98  11:30  Hellion  
  100  11:36  Orbital Command  
  100  11:39  Marine  
  101  11:43  Starport Tech Lab x2  
  101  11:45  Starport Tech Lab  
  101  11:53  Starport  
  101  12:06  Supply Depot  
  101  12:10  Supply Depot  
  101  12:28  Hellion x3, Marine x4  
  109  12:31  Marine  
  109  12:32  Hellion, Marine x2  
  99  12:45  Marine x3  
  99  12:49  Marine x3  
  100  12:54  Hellion  
  83  13:07  Marine  
  71  13:19  Battlecruiser  
  70  13:20  Battlecruiser x2  
  70  13:21  Battlecruiser  
  70  13:24  Viking  
  70  13:27  Marine x7  
  96  13:44  Marine  
  96  13:45  Marine x6  
  103  14:02  Marine  
  103  14:03  Marine x6  
  110  14:20  Marine  
  110  14:21  Marine x6  
  117  14:24  Supply Depot  
  117  14:27  Supply Depot  
  117  14:30  Starport  
  117  14:31  Starport Reactor  
  117  14:41  Terran Infantry Weapons Level 3  
  117  14:42  Terran Infantry Armor Level 3, Neosteel Frame  
  117  14:45  Marine  
  117  14:46  Terran Vehicle Weapons Level 2, Battlecruiser  
  117  14:50  Supply Depot  
  124  14:59  SCV  
  125  15:04  Marauder  
  127  15:11  SCV  
  127  15:13  Battlecruiser  
  134  15:15  Siege Tank  
  134  15:17  Marine  
  134  15:18  Marine x3  
  141  15:25  Marine x2  
  141  15:26  Hellion x2, Marauder  
  149  15:29  Supply Depot  
  149  15:30  Hellion  
  149  15:32  Supply Depot  
  149  15:35  Marine x2  
  152  15:36  Marine x2  
  155  15:43  Marine x2  
  157  15:50  Hellion x2, Marauder  
  157  15:52  Hellion  
  157  15:53  Marine  
  157  15:54  Marine x2  
  168  16:12  Marauder  
  170  16:25  Starport Reactor  
  170  16:27  Weapon Refit  
  170  16:29  Explosive Shrapnel Shells  
  170  16:30  Corvid Reactor, High Capacity Fuel Tanks  
  166  17:10  Behemoth Reactor  
  166  17:26  Cloaking Field  
  161  18:29  Orbital Command  
Show
View Real Time Build Order
Export as new Build Order

AshPrime Protoss - Winner!

Build Orders:  

Get SALT Encoding   

  12  0:10  Pylon  
  12  0:23  Assimilator  
  12  0:26  Assimilator  
  12  0:32  Probe (Chrono Boost)  
  14  0:43  Probe (Chrono Boost)  
  14  0:53  Probe (Chrono Boost)  
  15  1:04  Probe (Chrono Boost)  
  16  1:13  Gateway  
  16  1:14  Probe (Chrono Boost)  
  17  1:25  Probe (Chrono Boost)  
  18  1:50  Pylon  
  18  1:55  Forge  
  18  1:59  Probe (Chrono Boost)  
  19  2:09  Probe (Chrono Boost), Cybernetics Core  
  20  2:20  Probe (Chrono Boost)  
  21  2:23  Gateway  
  21  2:42  Photon Cannon  
  21  2:54  Warp Gate (Chrono Boost)  
  21  3:16  Nexus  
  21  3:24  Probe  
  22  3:36  Probe  
  23  3:42  Assimilator  
  23  3:45  Assimilator  
  23  3:48  Probe  
  24  4:00  Probe  
  25  4:12  Probe  
  26  4:27  Probe  
  26  4:28  Probe  
  28  4:35  Pylon  
  28  4:39  Probe x2  
  30  4:49  Gateway  
  30  4:50  Probe, Gateway  
  30  4:52  Probe  
  32  5:03  Protoss Air Weapons Level 1 (Chrono Boost)  
  32  5:31  Twilight Council  
  32  5:40  Photon Cannon  
  32  5:42  Probe, Photon Cannon  
  32  5:43  Photon Cannon  
  33  5:52  Probe  
  34  6:03  Probe  
  35  6:13  Probe  
  36  6:22  Pylon  
  36  6:24  Probe  
  37  6:25  Pylon  
  37  6:31  Pylon  
  37  6:41  Adept x3  
  37  6:42  Adept, Protoss Air Armor Level 1 (Chrono Boost)  
  45  6:52  Charge  
  45  7:08  Stargate  
  45  7:09  Stargate, Adept x3  
  45  7:10  Adept  
  53  7:38  Adept  
  53  7:40  Adept  
  57  8:08  Fleet Beacon  
  57  8:54  Blink  
  57  9:13  Nexus  
  53  9:19  Nexus  
  53  9:24  Nexus  
  37  9:50  Stalker x3  
  37  9:51  Stalker  
  37  10:25  Adept  
  37  10:26  Adept x2  
  37  10:27  Adept, Nexus  
  45  10:44  Probe  
  46  10:54  Probe  
  46  10:55  Resonating Glaives  
  48  11:02  Protoss Air Weapons Level 2 (Chrono Boost)  
  48  11:05  Probe  
  48  11:10  Probe  
  49  11:13  Robotics Facility  
  49  11:15  Probe  
  50  11:21  Probe  
  51  11:26  Probe  
  51  11:29  Protoss Ground Weapons Level 1 (Chrono Boost)  
  51  11:31  Probe  
  53  11:41  Assimilator  
  53  11:42  Probe  
  53  11:46  Assimilator  
  54  11:52  Assimilator, Probe x2  
  56  11:57  Assimilator  
  56  12:02  Probe  
  56  12:04  Warp Prism  
  56  12:06  Assimilator  
  59  12:10  Assimilator  
  41  12:57  Protoss Air Armor Level 2  
  41  13:10  Protoss Ground Armor Level 1 (Chrono Boost)  
  37  14:39  Dark Shrine  
  37  14:46  Carrier  
  37  14:47  Carrier  
  37  14:49  Protoss Shields Level 1 (Chrono Boost)  
  49  15:32  Nexus  
  49  16:12  Carrier  
  49  16:13  Carrier  
  61  16:46  Dark Templar x4  
  69  17:07  Assimilator  
  69  17:25  Dark Templar x4  
  77  17:38  Carrier x2  
  89  18:19  Archon  
  89  18:20  Archon x2  
  89  18:21  Archon  
Show
View Real Time Build Order
Export as new Build Order

A.I. 3 (Hard) Zerg 

Build Orders: Pool First 

Get SALT Encoding   

  12  0:01  Drone  
  13  0:12  Overlord  
  13  0:17  Drone  
  14  0:30  Drone  
  14  0:32  Drone  
  16  0:44  Spawning Pool  
  16  0:46  Drone  
  16  0:50  Drone  
  16  0:53  Extractor  
  16  0:56  Drone  
  17  1:06  Overlord  
  17  1:31  Zergling x2, Queen  
  20  1:33  Zergling x2  
  20  1:38  Drone  
  20  1:39  Roach Warren  
  21  1:40  Extractor  
  20  1:49  Drone  
  20  1:53  Baneling Nest  
  20  2:00  Drone  
  21  2:10  Drone  
  22  2:21  Zergling x2  
  23  2:32  Drone  
  24  2:37  Baneling  
  24  2:38  Zergling x2, Baneling, Overlord  
  24  2:40  Zergling x2  
  24  2:43  Baneling  
  24  2:44  Zergling x2  
  27  2:54  Drone  
  28  3:05  Zergling x2  
  29  3:10  Zergling x2, Overlord  
  29  3:12  Zergling x2  
  31  3:17  Zergling x2  
  31  3:19  Baneling x2  
  32  3:27  Zergling x2  
  32  3:30  Baneling  
  33  3:38  Zergling x2  
  33  3:40  Evolution Chamber  
  33  3:42  Drone  
  33  3:43  Drone  
  33  3:45  Drone  
  36  3:50  Drone  
  37  4:01  Drone  
  38  4:11  Zergling x2  
  38  4:14  Drone  
  38  4:15  Drone, Overlord  
  42  4:38  Roach  
  42  4:40  Evolution Chamber, Drone  
  42  4:45  Overlord  
  42  4:46  Roach  
  44  4:54  Roach, Lair  
  46  5:02  Roach  
  48  5:07  Metabolic Boost  
  45  5:19  Zerg Melee Weapons Level 1  
  36  5:28  Hatchery  
  35  5:40  Drone  
  36  5:49  Zerg Ground Armor Level 1  
  36  5:57  Hydralisk Den  
  36  5:58  Drone  
  36  6:04  Burrow  
  36  6:07  Zergling x2  
  37  6:15  Roach  
  39  6:23  Roach  
  41  6:30  Hydralisk  
  43  6:38  Overseer  
  43  6:39  Roach  
  45  6:42  Drone  
  45  6:45  Drone  
  49  6:47  Roach  
  49  6:49  Drone  
  51  6:54  Hydralisk, Drone  
  51  6:57  Drone  
  51  7:00  Drone  
  55  7:02  Hydralisk  
  55  7:03  Drone  
  55  7:04  Drone  
  59  7:09  Overlord  
  59  7:12  Drone  
  59  7:13  Hydralisk  
  59  7:14  Zerg Missile Weapons Level 1  
  62  7:21  Muscular Augments  
  62  7:23  Overseer  
  62  7:24  Drone  
  62  7:25  Drone  
  62  7:27  Drone  
  62  7:29  Drone  
  66  7:31  Drone  
  66  7:35  Drone  
  66  7:36  Overlord  
  68  7:43  Spore Crawler  
  67  7:46  Drone  
  67  7:47  Drone, Spore Crawler  
  68  7:55  Spore Crawler  
  68  7:56  Drone  
  68  7:58  Drone  
  69  7:59  Drone, Spore Crawler  
  69  8:01  Drone  
  69  8:05  Queen  
  70  8:10  Queen  
  74  8:15  Spine Crawler  
  73  8:21  Spine Crawler  
  73  8:22  Drone  
  73  8:25  Infestation Pit  
  72  8:29  Spine Crawler  
  72  8:34  Spine Crawler  
  70  8:40  Hydralisk  
  70  8:41  Pneumatized Carapace  
  70  8:47  Overseer  
  69  8:49  Zergling x2  
  69  8:53  Hydralisk  
  69  8:54  Roach x2  
  66  8:56  Hatchery  
  59  9:07  Roach  
  64  9:12  Roach  
  64  9:16  Roach  
  68  9:20  Roach  
  68  9:23  Overseer  
  58  9:25  Roach  
  58  9:29  Hydralisk  
  62  9:34  Roach  
  62  9:35  Overlord  
  66  9:38  Roach  
  66  9:43  Roach  
  68  9:47  Hydralisk  
  68  9:51  Hydralisk  
  72  9:54  Overlord  
  72  9:55  Swarm Host  
  75  10:05  Extractor  
  74  10:08  Drone  
  74  10:09  Extractor  
  74  10:10  Drone  
  74  10:11  Drone  
  74  10:13  Drone, Zerg Melee Weapons Level 2  
  77  10:15  Drone  
  77  10:16  Drone  
  77  10:18  Drone  
  77  10:19  Drone  
  81  10:21  Drone  
  81  10:23  Drone  
  81  10:26  Drone  
  84  10:28  Drone  
  84  10:30  Drone  
  84  10:33  Drone  
  87  10:36  Overlord  
  87  10:39  Drone  
  87  10:40  Drone  
  87  10:42  Drone  
  90  10:44  Drone  
  90  10:45  Drone  
  90  10:47  Drone  
  90  10:49  Drone  
  94  10:51  Drone  
  94  10:52  Drone  
  94  10:54  Drone  
  94  10:57  Overlord  
  97  11:04  Zerg Ground Armor Level 2  
  97  11:11  Glial Reconstitution  
  97  11:19  Spire  
  97  11:21  Drone  
  97  11:27  Extractor, Drone  
  97  11:32  Spore Crawler  
  96  11:33  Drone  
  96  11:34  Extractor  
  96  11:35  Drone  
  96  11:37  Spore Crawler  
  96  11:38  Drone  
  97  11:40  Queen  
  97  11:45  Zergling x2  
  100  11:48  Zergling x2, Overlord  
  100  11:52  Zergling x2  
  102  11:55  Zergling x2  
  103  12:03  Baneling  
  103  12:04  Zergling x2  
  103  12:07  Baneling, Overlord  
  104  12:09  Zergling x2, Baneling  
  104  12:12  Baneling  
  104  12:13  Zergling x2  
  106  12:15  Zergling x2  
  107  12:25  Zergling x2, Overlord  
  107  12:27  Zergling x2  
  107  12:29  Zerg Missile Weapons Level 2  
  109  12:30  Zergling x2  
  109  12:32  Zerg Flyer Weapons Level 1, Mutalisk  
  109  12:35  Mutalisk  
  114  12:37  Mutalisk  
  114  12:39  Mutalisk  
  114  12:40  Hive  
  114  12:42  Mutalisk  
  120  12:44  Mutalisk  
  120  12:45  Overlord  
  120  12:50  Zergling x2, Baneling  
  109  12:54  Zergling x2  
  109  12:56  Baneling  
  109  12:57  Baneling, Overseer  
  109  12:58  Zergling x2  
  97  13:03  Overseer  
  97  13:05  Baneling  
  94  13:11  Mutalisk  
  96  13:17  Mutalisk  
  96  13:18  Overlord  
  96  13:19  Hatchery  
  97  13:20  Drone  
  97  13:23  Mutalisk  
  100  13:30  Mutalisk  
  100  13:33  Zergling x2  
  98  13:35  Zergling x2  
  98  13:38  Zergling x2  
  89  13:41  Zergling x2  
  89  13:44  Zergling x2  
  89  13:47  Zergling x2  
  84  13:49  Zergling x2  
  84  13:52  Zergling x2  
  84  13:54  Zergling x2  
  84  13:55  Viper  
  74  13:57  Zergling x2  
  74  14:00  Mutalisk  
  78  14:03  Zergling x2  
  78  14:05  Mutalisk  
  78  14:08  Zergling x2  
  78  14:10  Zergling x2  
  78  14:12  Mutalisk  
  78  14:15  Zergling x2  
  77  14:17  Zergling x2  
  77  14:20  Zergling x2  
  77  14:21  Mutalisk  
  81  14:24  Zergling x2  
  81  14:26  Zergling x2  
  81  14:29  Zergling x2  
  85  14:31  Zergling x2  
  85  14:33  Mutalisk, Overseer  
  85  14:36  Mutalisk  
  89  14:38  Baneling  
  89  14:39  Zergling x2  
  89  14:40  Extractor  
  89  14:41  Baneling  
  89  14:42  Zergling x2, Baneling  
  89  14:43  Drone  
  89  14:44  Baneling, Extractor  
  89  14:45  Zergling x2, Baneling  
  91  14:47  Mutalisk  
  91  14:50  Baneling x2  
  91  14:51  Zergling x2  
  94  14:53  Mutalisk  
  96  15:02  Mutalisk  
  96  15:03  Drone  
  96  15:04  Overlord  
  99  15:08  Overseer  
  99  15:11  Zergling x2  
  79  15:14  Roach  
  79  15:17  Roach  
  79  15:20  Roach  
  75  15:23  Roach, Overlord  
  75  15:26  Hydralisk  
  77  15:29  Hydralisk  
  77  15:33  Roach  
  78  15:36  Roach  
  78  15:41  Overlord  
  78  15:42  Zergling x2  
  79  15:45  Roach  
  79  15:48  Hydralisk  
  77  15:52  Roach  
  77  15:56  Roach  
  79  15:59  Roach  
  79  16:00  Overlord  
  79  16:03  Lair  
  74  16:07  Overlord x2  
  74  16:08  Overseer, Overlord  
  72  16:12  Overlord  
  51  16:24  Overseer  
  48  16:31  Overlord  
  45  16:44  Drone  
  45  16:51  Overlord  
  28  17:07  Overseer  
  28  17:08  Overlord  
  28  17:12  Overlord x2  
  28  17:24  Drone  
  28  17:29  Drone  
  28  17:30  Overlord  
  28  17:49  Overlord  
  28  17:51  Hatchery  
  27  18:08  Overlord  
  27  18:10  Drone  
  27  18:16  Overlord  
  27  18:17  Drone, Hatchery  
  21  18:35  Overlord  
  21  18:40  Drone  
  20  18:43  Overlord  
  19  18:53  Drone  
  16  19:01  Overlord, Drone  
  16  19:02  Drone  
  4  19:09  Extractor  
Show
View Real Time Build Order
Export as new Build Order

A.I. 4 (Hard) Terran 

Build Orders: MMM Bio 

Get SALT Encoding   

  12  0:01  SCV  
  13  0:13  SCV  
  14  0:18  Supply Depot  
  14  0:25  SCV  
  15  0:40  SCV  
  16  0:43  Barracks  
  16  0:50  Refinery  
  16  0:52  SCV  
  17  1:04  SCV  
  18  1:16  SCV  
  19  1:20  Supply Depot  
  19  1:28  SCV  
  19  1:30  Marine  
  21  1:41  Barracks, Orbital Command  
  21  1:49  Barracks Tech Lab, Refinery  
  21  2:05  Factory  
  21  2:07  Marine  
  22  2:19  Supply Depot  
  22  2:25  Marine  
  23  2:30  Marine  
  24  2:44  Marauder  
  26  2:50  Hellion  
  28  2:52  Supply Depot  
  28  3:00  Marine  
  29  3:10  Marine  
  30  3:20  Marine  
  30  3:23  Supply Depot  
  31  3:30  Marine  
  31  3:33  SCV  
  33  3:41  Hellion  
  35  3:44  Engineering Bay  
  35  3:45  SCV  
  36  3:51  Marauder  
  38  3:57  SCV  
  38  4:02  Hellion  
  42  4:10  SCV  
  42  4:14  Supply Depot  
  42  4:22  SCV  
  42  4:23  Hellion  
  45  4:34  SCV  
  46  4:45  Hellion  
  48  5:06  Hellion  
  50  6:27  Barracks Tech Lab  
  50  6:29  Stimpack, Marauder  
  50  6:30  Terran Infantry Weapons Level 1  
  50  6:32  Factory, Factory Tech Lab  
  52  6:36  Starport, Command Center  
  52  6:39  Starport  
  52  6:42  Supply Depot  
  52  6:44  Missile Turret  
  52  6:45  Concussive Shells  
  52  6:48  Missile Turret  
  52  6:50  Marauder  
  52  6:51  Marauder  
  52  6:53  Barracks  
  54  6:58  Ghost Academy  
  43  7:11  Bunker, Marine  
  43  7:12  Marine, Starport Tech Lab  
  43  7:15  Starport Tech Lab  
  45  7:16  Factory Tech Lab  
  45  7:23  Sensor Tower  
  45  7:28  Combat Shields  
  45  7:29  Marine  
  46  7:30  Ghost  
  46  7:32  Raven  
  46  7:33  Raven  
  52  7:39  Marine  
  52  7:43  Armory  
  53  7:47  Marine  
  53  7:48  SCV  
  53  7:50  SCV  
  56  7:51  Refinery  
  56  7:55  Missile Turret  
  56  7:59  Missile Turret, Marauder  
  56  8:00  Barracks Reactor, SCV  
  56  8:03  SCV  
  60  8:13  SCV  
  60  8:15  SCV  
  62  8:21  Bunker  
  62  8:24  Terran Infantry Armor Level 1  
  62  8:25  SCV  
  63  8:27  SCV  
  63  8:37  SCV  
  63  8:39  SCV  
  65  8:49  SCV  
  65  8:51  SCV  
  67  9:01  SCV  
  68  9:03  SCV  
  69  9:17  Refinery  
  69  9:28  Marine  
  67  9:34  Ghost  
  69  9:40  SCV  
  69  9:41  SCV  
  71  9:52  SCV  
  72  9:57  Marine  
  71  10:04  Marine  
  57  10:10  Marine  
  57  10:13  Raven  
  52  10:17  Marine  
  53  10:23  Marine  
  54  10:30  Marine  
  54  10:33  Marine  
  54  10:34  Medivac  
  58  10:36  Supply Depot, Terran Infantry Weapons Level 2  
  58  10:37  Marine  
  58  10:42  Marauder  
  61  10:47  Marine  
  62  10:51  Marine  
  62  10:53  Terran Vehicle Weapons Level 1  
  62  10:55  Marauder  
  62  10:56  Medivac  
  67  10:59  Engineering Bay  
  67  11:03  Marauder  
  67  11:04  Raven  
  69  11:06  Reaper  
  69  11:09  Marine, Supply Depot  
  73  11:17  Marauder  
  75  11:24  Terran Infantry Armor Level 2, Marauder  
  77  11:26  Medivac  
  77  11:27  Marine  
  77  11:28  Fusion Core  
  80  11:36  Armory  
  80  11:37  Marine, Command Center  
  80  11:38  Marine  
  82  11:45  Marine, Reaper  
  84  12:23  Terran Vehicle And Ship Armor Level 1  
  84  12:32  Reaper  
  84  12:36  Marine  
  81  12:40  Marine  
  81  12:44  Marine  
  79  12:47  Terran Ship Weapons Level 1  
  78  12:53  SCV  
  78  12:54  Missile Turret, Marine  
  78  12:55  SCV  
  78  12:58  Marine, SCV  
  70  12:59  Missile Turret  
  70  13:00  Refinery, Raven  
  70  13:01  Marine  
  70  13:03  Refinery  
  70  13:04  Marine  
  71  13:05  SCV, Command Center  
  71  13:07  SCV  
  71  13:10  SCV  
  71  13:11  Ghost  
  76  13:15  Marine  
  76  13:18  SCV  
  76  13:19  Marine, SCV  
  80  13:22  Marine, SCV  
  80  13:23  Bunker  
  82  13:30  SCV  
  82  13:31  SCV  
  82  13:32  Medivac  
  82  13:33  Marine  
  85  13:35  SCV  
  85  13:37  Marine  
  85  13:40  Marauder  
  82  13:42  Marine, SCV  
  82  13:43  SCV  
  82  13:46  Medivac  
  82  13:47  SCV  
  82  13:51  Reaper  
  82  13:54  SCV  
  82  13:55  Marine  
  76  14:00  Marine  
  76  14:01  Marine, Medivac  
  71  14:13  Marine  
  71  14:15  Raven  
  68  14:18  Marauder  
  68  14:19  Marine  
  68  14:22  Hellion  
  68  14:23  Marine  
  74  14:26  Hellion  
  74  14:31  Marine, Raven  
  77  14:37  Marine  
  78  14:39  Marine  
  78  14:41  Marine  
  78  14:43  Hellion  
  81  14:48  Marine  
  82  14:55  Marine, Refinery  
  82  14:57  Marine  
  82  14:58  Hellion, Raven  
  82  14:59  Refinery, Reaper  
  89  15:06  Hellion, Marine  
  79  15:13  Marine  
  71  15:14  Medivac  
  71  15:15  Marauder  
  71  15:20  Hellion  
  74  15:24  Marine  
  74  15:27  Hellion  
  73  15:30  Marine  
  73  15:31  Marine  
  64  15:36  Marine  
  64  15:41  Hellion, Medivac  
  64  15:42  Marine  
  65  15:44  Raven  
  65  15:48  Hellion  
  65  15:49  Marauder  
  61  15:51  Marine  
  61  15:54  Marine  
  56  16:00  Marine  
  56  16:02  Hellion  
  56  16:09  Marine  
  56  16:10  Hellion, Marine  
  57  16:12  Marine  
  57  16:17  Marine  
  47  16:27  Marine, Viking  
  47  16:28  Marine  
  47  16:29  Marine  
  52  16:35  Marine  
  49  16:46  Marine  
  41  16:47  Marine  
  41  16:53  Marine  
  38  16:55  SCV  
  38  16:57  Raven  
  36  17:05  Marine  
  36  17:17  SCV  
  34  17:22  SCV  
  34  17:23  Marine  
  34  17:40  Viking  
  34  17:41  Marine  
  31  17:59  Marauder  
  31  18:01  Orbital Command  
Show
View Real Time Build Order
Export as new Build Order

A.I. 5 (Hard) Zerg 

Build Orders: Pool First 

Get SALT Encoding   

  12  0:01  Drone  
  13  0:12  Overlord  
  13  0:18  Drone  
  14  0:31  Drone  
  14  0:32  Drone  
  16  0:42  Spawning Pool  
  15  0:45  Drone  
  15  0:49  Drone  
  17  0:52  Extractor  
  17  0:56  Drone  
  17  1:06  Overlord  
  17  1:31  Zergling x2, Queen  
  20  1:37  Zergling x2  
  20  1:38  Drone  
  20  1:39  Roach Warren  
  21  1:40  Extractor  
  20  1:49  Drone  
  21  2:00  Drone  
  22  2:10  Overlord  
  22  2:21  Drone  
  23  2:32  Roach  
  25  2:39  Roach, Drone  
  25  2:40  Overlord  
  28  2:45  Roach  
  30  2:54  Roach  
  32  3:05  Roach  
  34  3:10  Drone  
  34  3:11  Roach  
  37  3:16  Overlord  
  37  3:17  Roach  
  39  3:28  Baneling Nest, Drone  
  39  3:38  Drone  
  39  3:39  Evolution Chamber  
  39  3:40  Drone  
  39  3:41  Roach  
  42  3:45  Drone  
  43  3:50  Drone  
  44  4:01  Drone  
  45  4:11  Drone  
  46  4:18  Zergling x2  
  46  4:50  Lair, Overlord  
  46  4:51  Zerg Melee Weapons Level 1  
  46  4:52  Evolution Chamber  
  45  4:53  Drone  
  46  5:18  Zerg Missile Weapons Level 1  
  46  5:21  Hatchery  
  27  5:37  Roach  
  29  5:44  Drone  
  29  5:46  Roach  
  29  5:49  Burrow  
  32  5:52  Hydralisk Den  
  32  5:54  Roach  
  32  5:55  Drone  
  34  6:03  Roach  
  36  6:12  Zergling x2  
  37  6:20  Roach  
  37  6:25  Overseer  
  39  6:28  Overseer  
  39  6:29  Roach  
  41  6:33  Drone  
  41  6:36  Drone  
  41  6:38  Roach  
  45  6:40  Extractor, Drone  
  45  6:45  Zerg Ground Armor Level 1, Drone  
  45  6:46  Roach  
  48  6:49  Drone  
  48  6:52  Drone  
  48  6:53  Drone  
  51  6:54  Hydralisk  
  51  6:56  Drone  
  51  6:59  Drone  
  55  7:04  Overlord  
  55  7:10  Drone  
  57  7:15  Drone  
  57  7:16  Spore Crawler  
  57  7:20  Drone  
  57  7:21  Spore Crawler  
  57  7:22  Hydralisk  
  56  7:23  Drone  
  56  7:24  Drone  
  56  7:26  Drone  
  61  7:32  Drone  
  61  7:34  Spore Crawler  
  61  7:37  Drone  
  61  7:38  Spore Crawler  
  61  7:43  Drone  
  62  7:47  Spine Crawler  
  62  7:48  Drone  
  62  7:53  Hydralisk  
  62  7:55  Drone  
  62  7:56  Spine Crawler  
  62  7:57  Drone  
  65  7:58  Drone  
  65  7:59  Overlord  
  67  8:05  Drone  
  67  8:07  Muscular Augments  
  67  8:09  Drone  
  68  8:16  Drone  
  68  8:18  Spine Crawler  
  69  8:20  Drone  
  69  8:26  Hydralisk  
  69  8:27  Drone  
  70  8:28  Spine Crawler, Drone  
  70  8:30  Drone  
  70  8:31  Drone  
  70  8:33  Queen  
  76  8:38  Overlord  
  76  8:42  Queen  
  76  8:47  Infestation Pit  
  77  9:00  Spire  
  74  9:23  Overlord  
  74  9:24  Infestor  
  74  9:26  Pneumatized Carapace  
  76  9:34  Overseer  
  76  9:40  Extractor  
  76  9:41  Hatchery  
  74  9:45  Overseer  
  74  10:03  Overlord  
  74  10:10  Hive  
  74  10:14  Corruptor  
  76  10:26  Corruptor  
  78  10:38  Corruptor  
  80  10:50  Infestor  
  80  10:51  Overlord  
  80  10:54  Drone  
  80  10:56  Drone  
  84  10:58  Drone  
  84  10:59  Drone  
  84  11:01  Drone  
  84  11:03  Drone  
  88  11:05  Zerg Melee Weapons Level 2, Drone  
  88  11:07  Drone  
  88  11:09  Drone  
  88  11:10  Drone  
  92  11:11  Extractor  
  92  11:12  Drone  
  92  11:13  Overlord  
  92  11:14  Drone  
  92  11:15  Drone  
  92  11:17  Extractor  
  93  11:19  Drone  
  93  11:25  Greater Spire  
  94  11:26  Zerg Ground Armor Level 2  
  94  11:34  Drone  
  94  11:35  Spore Crawler  
  94  11:36  Drone  
  94  11:37  Drone  
  94  11:39  Drone  
  97  11:40  Spore Crawler  
  97  11:41  Drone  
  97  11:42  Drone  
  97  11:44  Drone  
  99  11:47  Queen, Overlord  
  99  11:51  Pathogen Glands  
  101  11:57  Glial Reconstitution  
  101  12:07  Zergling x2  
  101  12:08  Spine Crawler  
  100  12:12  Spine Crawler  
  99  12:20  Hatchery  
  99  12:21  Drone  
  99  12:28  Ultralisk Cavern  
  99  12:29  Drone  
  99  12:37  Zerg Flyer Weapons Level 1  
  99  12:40  Spire  
  98  12:55  Roach  
  90  13:14  Overlord  
  90  13:15  Ultralisk  
  94  13:22  Ultralisk  
  88  13:27  Zergling x2  
  88  13:31  Zergling x2  
  88  13:35  Roach, Drone, Overlord  
  88  13:36  Drone  
  88  13:38  Mutalisk, Drone  
  88  13:39  Drone  
  88  13:41  Zerg Missile Weapons Level 2  
  94  13:42  Zergling x2  
  94  13:47  Extractor  
  92  13:48  Drone  
  92  13:50  Extractor, Ultralisk  
  92  13:53  Drone  
  92  13:54  Zerg Flyer Armor Level 1  
  97  13:56  Hydralisk  
  97  13:57  Overseer  
  97  13:58  Overlord  
  92  14:02  Hydralisk  
  92  14:07  Overseer  
  92  14:09  Hydralisk  
  96  14:16  Hydralisk  
  80  14:22  Hydralisk, Drone  
  80  14:23  Overlord  
  82  14:27  Roach  
  82  14:31  Mutalisk, Overseer  
  76  14:35  Roach  
  76  14:38  Drone  
  73  14:41  Hydralisk  
  73  14:42  Overlord  
  73  14:43  Drone x2  
  73  14:44  Drone  
  72  14:46  Drone  
  72  14:48  Drone  
  72  14:49  Zergling x2  
  72  14:50  Drone  
  72  14:51  Drone  
  77  14:53  Drone  
  77  14:55  Ultralisk, Drone  
  77  14:56  Drone  
  72  15:02  Ultralisk  
  75  15:08  Ultralisk  
  75  15:13  Overlord  
  79  15:15  Ultralisk  
  79  15:16  Overseer  
  85  15:21  Ultralisk  
  85  15:24  Drone  
  85  15:25  Overseer  
  87  15:29  Lair  
  87  15:31  Zergling x2, Overlord  
  88  15:39  Overlord  
  88  15:44  Overseer  
  76  15:51  Overseer  
  75  15:57  Hydralisk  
  75  15:59  Overlord  
  70  16:09  Hydralisk  
  60  16:15  Overlord  
  58  16:20  Hatchery  
  58  16:23  Overlord  
  57  16:28  Overlord  
  55  16:41  Roach  
  55  16:43  Overseer  
  55  16:48  Overlord  
  55  16:49  Overlord  
  55  16:56  Overlord  
  52  17:13  Overlord  
  52  17:15  Overlord  
  52  17:20  Overlord  
  50  17:34  Overlord  
  50  17:37  Overlord  
  50  17:38  Overlord  
  50  17:48  Overlord  
  50  17:50  Hatchery  
  49  17:52  Evolution Chamber  
  49  17:54  Evolution Chamber  
  47  18:03  Overlord, Hatchery  
  39  18:09  Evolution Chamber, Overlord  
  32  18:13  Overlord  
  32  18:18  Evolution Chamber  
  29  18:23  Overlord  
  28  18:31  Overseer  
  28  18:43  Overlord  
  28  18:44  Hydralisk Den  
  24  19:03  Overlord  
Tags
 
Add a new tag
Caveats
  • Supply blocks, unpowered buildings, or Contaminate may cause inaccurate times.
  • Supply counts are checked every 10 seconds.